 Dungeon Crawl Stone Soup version 0.28.0 (webtiles) character file.

Game seed: 7406887504423834430

18 RascalDebosk the Grave Robber (level 2, -6/20 HPs)
             Began as a Demonspawn Necromancer on Feb 7, 2022.
             Mangled by Natasha (8 damage)
             ... on level 2 of the Dungeon.
             The game lasted 00:18:41 (1007 turns).

RascalDebosk the Grave Robber (DsNe)                Turns: 1007, Time: 00:18:41

Health: -6/20      AC:  2    Str:  8    XL:     2   Next: 51%
Magic:  0/5        EV: 12    Int: 16    God:
Gold:   23         SH:  0    Dex: 13    Spells: 4/5 levels left

rFire   . . .      SeeInvis .   f - +0 dagger
rCold   . . .      Faith    .   (no shield)
rNeg    . . .      Spirit   .   a - +0 robe
rPois   .          Reflect  .   (no helmet)
rElec   .          Harm     .   (no cloak)
rCorr   .          Rampage  .   (no gloves)
Will    .....                   (no boots)
Stlth   ++........              (no amulet)
HPRegen 0.06/turn               (no ring)
MPRegen 0.09/turn               (no ring)

@: no status effects
A: claws 1
a: no special abilities


You were on level 2 of the Dungeon.
You visited 1 branch of the dungeon, and saw 2 of its levels.

You collected 23 gold pieces.

Inventory:

Hand Weapons
 c - a +0 short sword
 f - a +0 dagger (weapon)
Armour
 a - a +0 robe (worn)
Scrolls
 b - a scroll of vulnerability {unknown}
 d - a scroll of holy word {unknown}
Potions
 e - 2 potions of ambrosia {unknown}


   Skills:
 + Level 0.5 Fighting
 + Level 0.0 Short Blades
 + Level 0.1 Staves
 + Level 0.1 Armour
 + Level 1.8 Dodging
 * Level 2.0 Stealth
 + Level 2.1 Spellcasting
 * Level 4.6 Necromancy
 + Level 0.4 Invocations


You had 4 spell levels left.
You knew the following spells:

 Your Spells              Type           Power      Damage    Failure   Level
a - Pain                  Necr           64%        1d7       3%          1

Your spell library contained the following spells:

 Spells                   Type           Power      Damage    Failure   Level
 Animate Skeleton         Necr           32%        N/A       3%          1
 Vampiric Draining        Necr           16%        2d7       9%          3
 Blink                    Tloc           2%         N/A       30%         2
 Animate Dead             Necr           8%         N/A       30%         4
 Lesser Beckoning         Tloc           1%         N/A       52%         3
 Summon Guardian Golem    Hex/Summ       1%         N/A       52%         3
 Agony                    Necr           16%        N/A       63%         5
 Manifold Assault         Tloc           1%         N/A       99%         5
 Orb of Destruction       Conj           0%         9d5       100%        7
 Spellforged Servitor     Conj/Summ      0%         N/A       100%        7


Dungeon Overview and Level Annotations

Branches:
Dungeon (2/15)

Altars:

Annotations:
D:2 Natasha


Innate Abilities, Weirdness & Mutations

You have sharp fingernails.


Message History

Things that are here:
a +0 dagger; a frilled lizard corpse; a goblin corpse Natasha, Servant of Life and Death comes into view.
Aiming: Pain (safe; 3% risk of failure)
Press: ? - help, Q - select action Shift-Dir - straight line, f - Natasha
Aim: Natasha (chance to affect: 73%) Natasha struggles to resist.
Natasha claws you.
Aiming: Pain (safe; 3% risk of failure)
Press: ? - help, Q - select action Shift-Dir - straight line, f/p - Natasha
Aim: Natasha (chance to affect: 73%) Natasha struggles to resist.
Natasha completely misses you.
Aiming: Pain (safe; 3% risk of failure)
Press: ? - help, Q - select action Shift-Dir - straight line, f/p - Natasha
Aim: Natasha (chance to affect: 73%) Natasha writhes in agony!
Natasha claws you.
Aiming: Pain (safe; 3% risk of failure)
Press: ? - help, Q - select action Shift-Dir - straight line, f/p - Natasha
Aim: Natasha (heavily wounded, chance to affect: 73%) Natasha struggles to resist.
Natasha claws you.
* * * LOW HITPOINT WARNING * * *
Aiming: Pain (safe; 3% risk of failure)
Press: ? - help, Q - select action Shift-Dir - straight line, f/p - Natasha
Aim: Natasha (heavily wounded, chance to affect: 73%) Natasha writhes in agony.
Natasha howls an incantation.
Natasha glows brightly for a moment.
Natasha claws you but does no damage.
You don't have enough magic to cast this spell.
You don't have enough magic to cast this spell.
You closely miss Natasha.
Natasha is severely wounded.
Natasha completely misses you.
You barely miss Natasha.
Natasha is severely wounded.
Natasha claws you!
You die...

#.#.#.#####
#.#.#.# #.#.#.#
###.#.#.#
#.......#
#.#######
##+####......#
###......#####.#
......h@.#
##.......#
#......##
###.#... #.####
#


You could see Natasha.

Vanquished Creatures
  A dart slug (D:1)
  2 endoplasms (D:1)
  A hobgoblin (D:1)
  A kobold (D:1)
  2 quokkas (D:1)
  2 ball pythons (D:1)
  2 bats (D:1)
  2 frilled lizards
  2 goblins
  A rat (D:1)
16 creatures vanquished.

Notes
Turn   | Place    | Note
-------+----------+-------------------------------------------
     0 | D:1      | RascalDebosk the Demonspawn Necromancer began the quest for
                  | the Orb.
     0 | D:1      | Reached XP level 1. HP: 13/13 MP: 3/3
    22 | D:1      | Found a faded altar of an unknown god.
   477 | D:1      | Gained mutation: You have sharp fingernails. [demonic
                  | ancestry]
   477 | D:1      | Reached XP level 2. HP: 17/19 MP: 3/5
   998 | D:2      | Noticed Natasha
  1007 | D:2      | Mangled by Natasha

Illustrated notes

Levels and vault maps discovered:
D:1:      onia_arrival_pentagram, layout_loops_cross,
          ebering_ecumenical_altar_hall, minmay_misc_feat_four_crosses
D:2:      layout_basic, basic_altar, glass_columns_a, st_stairs_4,
          minmay_bisected, uniq_natasha, uniq_robin

Skill      XL: |  1  2 |
---------------+-------+-----
Stealth        | 2 |  2.0
Fighting       | |  0.5
Staves         | |  0.1
Armour         | |  0.1
Dodging        | |  1.8
Spellcasting   | |  2.1
Necromancy     | |  4.6
Invocations    | |  0.4

Action                   || total
-------------------------++-------
Melee: Short sword       ||     8
       Punch             ||     1
       Dagger            ||     5
 Cast: Pain              ||    27
 Stab: Sleeping          ||     1
Armor: Robe              ||     2
Dodge: Dodged            ||     6
